 Dungeon Crawl Stone Soup version 0.27.0-1-g7a08968 (webtiles) character file.

Game seed: 702248065804895142

6 BALLS the Shield-Bearer (level 1, -3/11 HPs)
             Began as a Vine Stalker Fighter on Jan 26, 2022.
             Frozen to death by an endoplasm (5 damage)
             ... on level 1 of the Dungeon.
             The game lasted 00:00:23 (283 turns).

BALLS the Shield-Bearer (Vine Stalker Fighter)       Turns: 283, Time: 00:00:23

Health: -3/11      AC:  6    Str: 18    XL:     1   Next: 90%
Magic:  0/2        EV:  7    Int:  8    God:
Gold:   15         SH:  9    Dex: 13    Spells: 0/0 levels left

rFire    . . .     SeeInvis .   a - +0 long sword
rCold    . . .     Faith    .   c - +0 kite shield
rNeg     . . .     Spirit   +   b - +0 scale mail
rPois    .         Reflect  .   (no helmet)
rElec    .         Harm     .   (no cloak)
rCorr    .         Rampage  .   (no gloves)
Will     .....                  (no boots)
Stlth    ..........             (no amulet)
HPRegen  0.03/turn              (no ring)
MPRegen  0.08/turn              (no ring)

@: no status effects
A: fangs 2, magic shield, antimagic bite, no potion heal 2
a: no special abilities


You were on level 1 of the Dungeon.
You visited 1 branch of the dungeon, and saw 1 of its levels.

You collected 15 gold pieces.

Inventory:

Hand Weapons
 a - a +0 long sword (weapon)
Armour
 b - a +0 scale mail (worn)
 c - a +0 kite shield (worn)
Scrolls
 f - 2 scrolls of fear {unknown}
Potions
 d - a potion of might
 e - a potion of lignification {unknown}
 g - a potion of heal wounds {unknown}


   Skills:
 + Level 2.7 Fighting
 + Level 1.9 Long Blades
 + Level 2.5 Armour
 + Level 2.8 Shields


You couldn't memorise any spells.
You didn't know any spells.
Your spell library contained the following spells:

 Spells                   Type           Power      Damage    Failure   Level
 Sublimation of Blood     Necr           0%         N/A       100%        2
 Petrify                  Tmut/Erth      0%         N/A       100%        4
 Irradiate                Conj/Tmut      0%         3d13      100%        5


Dungeon Overview and Level Annotations

Branches:
Dungeon (1/15)

Altars:


Innate Abilities, Weirdness & Mutations

You have extremely sharp teeth.
When hurt, damage is shared between your health and your magic reserves.
Your bite disrupts and absorbs the magic of your enemies.
Potions cannot restore your health.


Message History

A ball python is nearby!
The ball python closely misses you. The ball python grabs you.
The ball python constricts you.
You hit the ball python.
The ball python is severely wounded.
The ball python bites you but does no damage.
The ball python constricts you.
You closely miss the ball python. Your bite misses the ball python.
The ball python is severely wounded.
The ball python barely misses you. The ball python constricts you.
The ball python bites you but does no damage.
The ball python constricts you.
You hit the ball python.
You kill the ball python!
A hobgoblin comes into view.
The hobgoblin shouts!
A hobgoblin is nearby!
You hit the hobgoblin.
The hobgoblin is moderately wounded.
The hobgoblin barely misses you. x2; You riposte.
You slash the hobgoblin!
You kill the hobgoblin!
You see here a hobgoblin corpse.
You now have 15 gold pieces.
An endoplasm comes into view.
The endoplasm quivers.
An endoplasm is nearby!
Found a fizzy puce potion.
The endoplasm jiggles.
The endoplasm freezes you.
You are frozen.
You completely miss the endoplasm.
You bite the endoplasm, but do no damage.
The endoplasm hits you. The endoplasm freezes you.
You are frozen.
* * * LOW HITPOINT WARNING * * *
Your shield prevents you from hitting the endoplasm.
The endoplasm freezes you.
You are frozen.
You die...

...#
#.......#
##.#
#######.# #.#
#.# ####.####
#.......#
#.##.##.# #
#.##.#####
##.#
#....@...#
...#
##.#.#J#..#
...#
.!....... #
####
...#.###.#..#
# ##.....
....# # #..#
.#..# # ##.
.#..# # # .#
.# #


You could see an endoplasm.

Vanquished Creatures
  A goblin (D:1)
  A hobgoblin (D:1)
  A quokka (D:1)
  A ball python (D:1)
  2 rats (D:1)
6 creatures vanquished.

Notes
Turn   | Place    | Note
-------+----------+-------------------------------------------
     0 | D:1      | BALLS the Vine Stalker Fighter began the quest for the Orb.
     0 | D:1      | Reached XP level 1. HP: 11/11 MP: 2/2
   283 | D:1      | Frozen to death by an endoplasm

Illustrated notes

Levels and vault maps discovered:
D:1:      doesnt_arrival_eight_statues, layout_loops_ring, minmay_surrounded

Action                   || total
-------------------------++-------
Melee: Long sword        ||    13
       Bite              ||     5
Armor: Scale mail        ||     4
Dodge: Dodged            ||     6
Block: Kite shield       ||     3
       Rpst.: Long sword ||     3
